 Dungeon Crawl Stone Soup version 0.18-a0-918-g58938db (webtiles) character file.

97 Herrn the Firebug (level 4, 0/38 HPs)
             Began as a Naga Fire Elementalist on Dec 27, 2015.
             Slain by P0WERM0DE's ghost (7 damage)
             ... in a sewer.
             The game lasted 00:08:41 (2287 turns).

Herrn the Firebug (Naga Fire Elementalist)          Turns: 2287, Time: 00:08:41

Health: 0/38       AC:  3    Str: 10    XL:     4   Next: 68%
Magic:  1/7        EV: 10    Int: 16    God:
Gold:   160        SH:  0    Dex: 12    Spells: 1 memorised, 6 levels left

rFire  . . .     SeeInvis +     h - +0 hand axe
rCold  . . .     Gourm    .     g - +0 robe
rNeg   . . .     Faith    .     (no shield)
rPois  +         Spirit   .     q - +0 helmet
rElec  .         Dismiss  .     (no cloak)
rCorr  +         Reflect  .     (no gloves)
SustAt .         Harm     .     (no barding)
MR     .....                    e - amulet of resist corrosion
Stlth  ++........               (no ring)
                                (no ring)

@: about to teleport, very slightly contaminated, very slow, not resistant to
hostile enchantments, unstealthy
A: see invisible, deformed body, poison resistance, slowness 2, slow metabolism
1, spit poison 2, AC +1
a: Spit Poison


You were in a sewer.
You were not hungry.

You visited 1 branch of the dungeon, and saw 3 of its levels.
You also visited: Sewer.

You collected 160 gold pieces.

Inventory:

Hand Weapons
 h - a +0 hand axe (weapon)
Armour
 g - a +0 robe (worn)
 q - a +0 helmet (worn)
Jewellery
 e - an amulet of resist corrosion (around neck)
Scrolls
 f - 2 scrolls of remove curse {unknown}
 i - 3 scrolls of fear {unknown}
 k - 2 scrolls of blinking {unknown}
 l - 4 scrolls of identify {unknown}
Potions
 d - a potion of resistance
 j - a potion of curing
 m - 2 potions of brilliance
 o - a potion of flight {unknown}
 p - a potion of poison {unknown}
Books
 b - a book of Flames

   Spells                             Type                      Level
   a - Flame Tongue                   Conjuration/Fire             1
   b - Throw Flame                    Conjuration/Fire             2
   c - Conjure Flame                  Conjuration/Fire             3
   d - Inner Flame                    Hexes/Fire                   3
   e - Sticky Flame                   Conjuration/Fire             4
   f - Fireball                       Conjuration/Fire             5
Comestibles
 c - 3 bread rations


   Skills:
 * Level 1.5 Fighting
 * Level 1.0 Axes
 + Level 1.9 Dodging
 - Level 3.0 Stealth
 + Level 2.3 Spellcasting
 + Level 1.4 Conjurations
 + Level 4.0 Fire Magic


You had 6 spell levels left.
You knew the following spells:

 Your Spells              Type           Power        Failure   Level  Hunger
a - Flame Tongue          Conj/Fire      ##...        10%         1    #......


Dungeon Overview and Level Annotations

Branches:
Dungeon (3/15)

Altars:

Annotations:
Sewer P0WERM0DE's ghost, amateur DrCK


Innate Abilities, Weirdness & Mutations

You cannot wear boots.
Your serpentine skin is tough (AC +1).
You have supernaturally acute eyesight.
Armour fits poorly on your strangely shaped body.
Your system is resistant to poisons.
You cover ground very slowly.
You have a slow metabolism.
You can spit poison.


Message History

The flame tongue misses P0WERM0DE's ghost.
P0WERM0DE's ghost hits you!
Casting: Flame Tongue
Confirm with . or Enter, or press ? or * to list all spells.
You don't have enough magic to cast that spell.
Unknown command.
Unknown command.
Read which item? (? for menu, Esc to quit)
As you read the scroll labeled UFERHIRHEA, it crumbles to dust.
You feel strangely unstable.
It was a scroll of teleportation.
P0WERM0DE's ghost hits you!
You have got your breath back.
P0WERM0DE's ghost hits you!
* * * LOW HITPOINT WARNING * * *
Your surroundings seem slightly different.
Read which item? (? for menu, Esc to quit)
As you read the scroll of teleportation, it crumbles to dust.
You feel strangely unstable. P0WERM0DE's ghost hits you!
You die...

#......#≈≈≈≈≈
#......#≈≈≈≈≈≈
#P.....#≈≈≈≈P.
##.....#
#.....# #.....#
##.....#
##.W...P#
##..@..≈≈#
#.P...P≈≈≈≈≈
#......≈P#≈≈
#.....≈P≈≈≈≈≈#
#.......≈≈#≈≈≈#
#.......PP#≈≈≈≈
##........#
#...r.P..#
#......≈≈


You could see P0WERM0DE's ghost and a rat (wandering).

Vanquished Creatures
  2 adders (D:2)
  4 oozes
  A worm (D:2)
  2 giant geckos (D:1)
  8 bats
  4 giant cockroaches
  5 hobgoblins
  5 jackals
  A ball python (D:1)
  4 giant newts
  6 goblins
  12 kobolds
  2 rats (D:2)
56 creatures vanquished.

Vanquished Creatures (others)
  2 giant geckos (D:3)
  A bat (D:3)
  A jackal (D:3)
4 creatures vanquished.

Grand Total: 60 creatures vanquished

Notes
Turn   | Place    | Note
--------------------------------------------------------------
     0 | D:1      | Herrn the Naga Fire Elementalist began the quest for the Orb.
     0 | D:1      | Reached XP level 1. HP: 15/15 MP: 3/3
   265 | D:1      | Reached XP level 2. HP: 24/24 MP: 1/5
   844 | D:1      | Reached skill level 1 in Fighting
   844 | D:1      | Reached XP level 3. HP: 28/31 MP: 1/6
  1493 | D:2      | Reached XP level 4. HP: 38/38 MP: 2/7
  1835 | D:2      | Reached skill level 4 in Fire Magic
  1938 | D:3      | Found a glowing drain.
  1980 | Sewer    | Entered a sewer
  2260 | Sewer    | Reached skill level 1 in Axes
  2265 | Sewer    | Noticed P0WERM0DE's ghost (amateur DrCK)
  2287 | Sewer    | Slain by P0WERM0DE's ghost

Vault maps used:
D:1:      minmay_arrival_wavy_path, grunt_decor_mini_mirrors
D:3:      first_bread, portal_sewer_entry_f, hex_intersection,
          grunt_decor_one_mirror, eino_tiny_chamber, grunt_pakellas_salt
Sewer:    kennysheep_pipe_town

Action                   |  1- 3 |  4- 6 || total
-------------------------+-------+-------++-------
Melee: Unarmed           |     2 |       ||     2
       Hand axe          |       |     2 ||     2
 Cast: Flame Tongue      |    32 |    26 ||    58
 Abil: Spit Poison       |    36 |     8 ||    44
  Use: Potion            |       |     4 ||     4
       Scroll            |       |     2 ||     2
  Eat: Chunk             |     4 |       ||     4
       Meat ration       |       |     1 ||     1
